 Dungeon Crawl Stone Soup version 0.29.1-1-gd02db6906a (webtiles) character file.

Game seed: 12501616304729258707

178 Doomgape the Cudgeller (level 5, -7/32 HPs)
             Began as a Gargoyle Fighter on Sept 16, 2022.
             Mangled by a gnoll
             ... wielding a +0 halberd
              (10 damage)
             ... on level 4 of the Dungeon.
             The game lasted 00:06:23 (3636 turns).

Doomgape the Cudgeller (Gargoyle Fighter)           Turns: 3636, Time: 00:06:23

Health: -7/32      AC: 13    Str: 22    XL:     5   Next: 58%
Magic:  5/5        EV:  9    Int:  8    God:
Gold:   152        SH:  4    Dex:  9    Spells: 4/4 levels left

rFire   . . .      SeeInvis .   a - +0 flail
rCold   . . .      Faith    .   c - +0 buckler
rNeg    + . .      Spirit   .   b - +1 scale mail
rPois   ∞          Reflect  .   h - +2 hat
rElec   +          Harm     .   (no cloak)
rCorr   .          Rampage  .   (no gloves)
Will    .....                   (no boots)
Stlth   ..........              (no amulet)
HPRegen 0.10/turn               (no ring)
MPRegen 0.09/turn               (no ring)

@: no status effects
A: sickness immunity, AC +4, negative energy resistance 1, electricity
resistance, torment resistance 1, petrification resistance
a: no special abilities


You were on level 4 of the Dungeon.
You visited 1 branch of the dungeon, and saw 4 of its levels.

You collected 152 gold pieces.

Inventory:

Hand Weapons
 a - a +0 flail (weapon)
Armour
 b - a +1 scale mail (worn)
 c - a +0 buckler (worn)
 h - a +2 hat (worn)
Jewellery
 f - a ring of ice
 j - a ring of ice
Scrolls
 l - 2 scrolls of identify
 m - a scroll of teleportation
Potions
 d - 3 potions of might
 e - 2 potions of cancellation
 g - a potion of haste {unknown}
 i - 2 potions of curing {unknown}
 k - a potion of heal wounds {unknown}
 o - a potion of degeneration {unknown}


   Skills:
 - Level 3.2 Fighting
 - Level 5.0 Maces & Flails
 - Level 3.2 Armour
 - Level 3.2 Shields
 + Level 2.2 Unarmed Combat


You had 4 spell levels left.
You didn't know any spells.
Your spell library was empty.

Dungeon Overview and Level Annotations

Branches:
Dungeon (4/15)
 Temple: D:4-7

Altars:
Nemelex Xobeh
Sif Muna

Shops:
D:3 [


Innate Abilities, Weirdness & Mutations

You are immune to sickness and miasma.
Your stone body is resilient. (AC +4)
You are immune to poison.
You resist negative energy. (rN+)
You are resistant to electric shocks. (rElec)
You are resistant to unholy torment.
You are immune to petrification.


Message History

You closely miss the gnoll.
The gnoll is moderately wounded.
The gnoll hits you but does no damage. The gnoll barely misses you.
The gnoll hits you from afar with a +0 halberd!
The gnoll hits you with a +0 spear.
You hit the gnoll.
The gnoll is almost dead.
The gnoll hits you with a +0 spear. The gnoll barely misses you.
You completely miss the gnoll.
The gnoll is almost dead.
The gnoll hits you but does no damage. x2
You closely miss the gnoll.
The gnoll is almost dead.
The gnoll hits you but does no damage. You block the gnoll's attack.
You sock the gnoll!
You kill the gnoll!
The gnoll closely misses you.
You see here a +0 spear.
You hit the gnoll.
The gnoll is heavily wounded.
The gnoll hits you with a +0 halberd. The gnoll closely misses you.
The gnoll hits you but does no damage.
You are too injured to fight recklessly!
You are too injured to fight recklessly!
You are too injured to fight recklessly!
You are too injured to fight recklessly!
You are too injured to fight recklessly!
You hit the gnoll but do no damage.
The gnoll is heavily wounded.
The gnoll closely misses you. The gnoll hits you with a +0 halberd!
* * * LOW HITPOINT WARNING * * *
You closely miss the gnoll.
The gnoll is heavily wounded.
The gnoll hits you but does no damage. The gnoll barely misses you.
You closely miss the gnoll.
The gnoll is heavily wounded.
The gnoll hits you with a +0 club.
* * * LOW HITPOINT WARNING * * *
The gnoll hits you with a +0 halberd!
You die...

#.. #.# #. #.# #.#
#. ##.# #.# #.
#... #.# ##.# #..#
#.# ####...##).#
#.# ........)..#
#g###.###...>.#.##
#@g...# #.###)#.##
#.###.###.###.###.
#.# ............
#.# #.###.###.##
#.##.#...........#
#.##...##.###.##..
#.##.#.#.......#.#
#.#..#...##.##...#
#.##.#.#.#...#.#.#


You could see 2 gnolls.

Vanquished Creatures
  An orc wizard (D:4)
  4 adders
  A gnoll (D:4)
  2 worms (D:3)
  2 dart slugs (D:3)
  4 orcs
  8 ball pythons
  4 bats
  6 endoplasms
  2 giant cockroaches (D:1)
  6 goblins
  5 hobgoblins
  18 jackals
  9 kobolds
  5 quokkas
  4 frilled lizards
  2 rats (D:1)
83 creatures vanquished.

Notes
Turn   | Place    | Note
-------+----------+-------------------------------------------
     0 | D:1      | Doomgape the Gargoyle Fighter began the quest for the Orb.
     0 | D:1      | Reached XP level 1. HP: 14/14 MP: 1/1
   202 | D:1      | Reached XP level 2. HP: 9/19 MP: 2/2
   499 | D:1      | Reached skill level 3 in Maces & Flails
   947 | D:1      | Reached XP level 3. HP: 23/23 MP: 3/3
  1728 | D:2      | Reached skill level 4 in Maces & Flails
  1732 | D:2      | Reached XP level 4. HP: 23/28 MP: 4/4
  1877 | D:2      | Found a shimmering blue altar of Sif Muna.
  2847 | D:3      | Found Ugovvem's Armour Boutique.
  2921 | D:3      | Found a sparkling altar of Nemelex Xobeh.
  3106 | D:3      | Reached skill level 5 in Maces & Flails
  3106 | D:3      | Reached XP level 5. HP: 32/32 MP: 5/5
  3198 | D:3      | Reached skill level 1 in Unarmed Combat
  3636 | D:4      | Mangled by a gnoll

Illustrated notes

Levels and vault maps discovered:
D:1:      giann_wishing_wells, layout_basic
D:2:      layout_basic, basic_altar, kennysheep_cross_room,
          nicolae_kite_square_tiling_tiny, roderic_roman_lattice
D:3:      wander_river, layout_rooms, nemelex_xobeh_ov_fountains_minmay,
          serial_shops, shop
D:4:      dreamdust_elfheim, layout_loops_ring, gammafunk_ghost_gnarly_gnolls,
          minmay_crystal_room, nicolae_concentric_dashed_squares_wild,
          uniq_ijyb, uniq_menkaure

Skill      XL: |  1  2  3  4  5 |
---------------+----------------+-----
Maces & Flails | 3 4 5 |  5.0
Unarmed Combat | 2 |  2.2
Fighting       | |  3.2
Armour         | |  3.2
Shields        | |  3.2

Action                   |  1- 3 |  4- 6 || total
-------------------------+-------+-------++-------
Melee: Flail             |   124 |   164 ||   288
  Use: Scroll            |     1 |     4 ||     5
Armor: Scale mail        |    88 |    98 ||   186
Dodge: Dodged            |    76 |    70 ||   146
Block: Buckler           |    36 |    33 ||    69
